 Dungeon Crawl Stone Soup version 0.23-a0-78-gc252fe1 (webtiles) character file.

14446 EvilAliv3 the Basher (level 11, -3/145 HPs)
             Began as a Demigod Fighter on Aug 10, 2018.
             Slain by Snorg (16 damage)
             ... on level 11 of the Dungeon.
             The game lasted 02:03:47 (17710 turns).

EvilAliv3 the Basher (Demigod Fighter)             Turns: 17710, Time: 02:03:47

Health: -3/145     AC: 32    Str: 25    XL:     11   Next: 58%
Magic:  14/14      EV:  2    Int: 12    God:
Gold:   72         SH:  7    Dex: 15    Spells: 8/10 levels left

rFire    . . .     SeeInvis .   a - +1 flail (protect)
rCold    + . .     Gourm    +   g - +2 buckler
rNeg     + + +     Faith    .   (armour currently unavailable)
rPois    +         Spirit   .   (helmet currently unavailable)
rElec    .         Reflect  .   (cloak currently unavailable)
rCorr    .         Harm     .   (gloves currently unavailable)
MR       +....     NoTele   +   (boots currently unavailable)
Stlth    +.........             h - amulet of the gourmand
HPRegen  0.34/turn              u - ring of protection from cold
MPRegen  0.14/turn              j - ring of poison resistance

@: tree-form, protection aura
A: high mp 1
a: no special abilities


You were on level 11 of the Dungeon.
You were very full.
You were a tree.
You visited 1 branch of the dungeon, and saw 11 of its levels.

You collected 381 gold pieces.
You spent 309 gold pieces at shops.

Inventory:

Hand Weapons
 a - a +1 flail of protection (weapon)
 b - a +0 blowgun
 o - a +1 hunting sling of flaming
 Q - a cursed -1 morningstar
Missiles
 q - 28 poisoned needles
 y - 6 tomahawks (quivered)
 B - 94 sling bullets
 K - 2 steel tomahawks
Armour
 c - a +0 shield
 g - a +2 buckler (worn)
 k - a +0 cloak of magic resistance (melded)
 z - a +0 helmet (melded)
 R - a +0 plate armour (melded)
Jewellery
 h - an amulet of the gourmand (around neck)
 j - a ring of poison resistance (right branch)
 u - a ring of protection from cold (left branch)
 S - the ring of Jobeurch {rN+ Str+5, unknown}
   (You found it on level 10 of the Dungeon)

   [ring of strength]

   It affects your strength (+5).
   It protects you from negative energy.
Wands
 C - a wand of disintegration (9)
 H - a wand of enslavement (5)
 J - a wand of flame (36)
 P - a wand of random effects (22)
Scrolls
 m - 4 scrolls of magic mapping
 r - 5 scrolls of remove curse
 s - 8 scrolls of identify
 v - 2 scrolls of enchant weapon {unknown}
 x - a scroll of amnesia {unknown}
 A - a scroll of immolation {unknown}
 D - 3 scrolls of teleportation
 E - a scroll of blinking {unknown}
 I - a scroll of silence {unknown}
 T - a scroll of noise {unknown}
Potions
 d - a potion of magic {unknown}
 i - 2 potions of curing
 l - 3 potions of brilliance
 n - a potion of berserk rage
 p - a potion of flight
 w - 2 potions of invisibility {unknown}
 F - a potion of agility
 G - a potion of resistance
 L - a potion of mutation {unknown}
 M - a potion of ambrosia
 O - 3 potions of heal wounds
Comestibles
 f - 37 rations


   Skills:
 + Level 9.0 Fighting
 * Level 12.0 Maces & Flails
 + Level 9.0 Armour
 - Level 5.7 Shields


You had 8 spell levels left.
You knew the following spells:

 Your Spells              Type           Power        Failure   Level  Hunger
a - Blink                 Tloc           N/A          45%         2    ###....

Your spell library contained the following spells:

 Spells                   Type           Power        Failure   Level  Hunger
 Magic Dart               Conj           #...         32%         1    ##.....
 Conjure Flame            Conj/Fire      #.......     69%         3    ####...
 Slow                     Hex            #.......     45%         2    ###....
 Confuse                  Hex            #.......     69%         3    ####...
 Mephitic Cloud           Conj/Pois/Air  #.......     69%         3    ####...
 Call Imp                 Summ           #.......     45%         2    ###....
 Regeneration             Chrm/Necr      #.........   69%         3    ####...
 Tukima's Dance           Hex            #.......     69%         3    ####...
 Ensorcelled Hibernation  Hex/Ice        #.....       45%         2    ###....
 Corona                   Hex            #......      32%         1    ##.....
 Shroud of Golubria       Chrm/Tloc      #.........   45%         2    ###....
 Dazzling Spray           Conj/Hex       #.....       69%         3    ####...
 Infusion                 Chrm           #...         32%         1    ##.....
 Song of Slaying          Chrm           #.......     45%         2    ###....
 Spectral Weapon          Hex/Chrm       #.......     69%         3    ####...


Dungeon Overview and Level Annotations

Branches:
Dungeon (11/15)            Temple (0/1) D:4            Lair (0/6) D:9
    Orc: D:9-12

Shops:
D:9 !   D:10 !   D:11 !

Annotations:
D:6 1 runed door, 2 Hellwings, KnowOne's ghost, amateur MiGl
D:10 3 runed doors, DemiseSR's ghost, novice MiFi; myxocpahck's ghost, novice DsAs
D:11 Snorg


Innate Abilities, Weirdness & Mutations

You have an increased reservoir of magic. (+10% MP)


Message History

You turn into a tree.
Your +0 cloak of magic resistance melds into your body.
Your +0 helmet melds into your body.
Your +0 plate armour melds into your body.
You feel less resistant to hostile enchantments.
Your roots penetrate the ground.
Snorg bites you but does no damage.
Snorg claws you but does no damage. x2; Snorg bites you.
* * * LOW HITPOINT WARNING * * *
You block Snorg's attack. Snorg claws you!
* * * LOW HITPOINT WARNING * * *
You hit Snorg.
Your weapon exudes an aura of protection.
Snorg is moderately wounded.
Snorg bites you but does no damage. Snorg claws you!
* * * LOW HITPOINT WARNING * * *
Snorg claws you but does no damage.
You hit Snorg but do no damage.
Snorg is moderately wounded.
Snorg bites you!
You die...

#'## #(.# #######'######
##########..>....(....#
........##............#
...<....#.............#
......................#
............[...T.....#
.......###......♣.....#
.......#⌠#.#####'######
.......###.# #..##
...........# ##..#
####'####### ##.# .....#
#.# .##### #.# ######
#######'######
....[#######............#


You could see Snorg (berserk).

Vanquished Creatures
  Harold (D:8)
  2 two-headed ogres
  An unseen horror (D:11)
  2 deep elf magi (D:9)
  An ugly thing (D:11)
  4 centaur zombies (D:7)
  Joseph (D:8)
  A queen bee (D:11)
  A troll (D:11)
  Grinder (D:3)
  2 hornets
  Prince Ribbit (D:8)
  4 hippogriffs
  A yak (D:9)
  A basilisk (D:9)
  A water moccasin (D:11)
  A swamp drake (D:9)
  An ice beast (D:6)
  A hornet zombie (D:7)
  3 orc warriors
  2 sky beasts
  A black bear (D:10)
  A necrophage (D:5)
  6 ogres
  3 centaurs
  2 crocodiles
  A big kobold (D:9)
  7 bullfrogs
  A gnoll sergeant (D:9)
  2 scorpions
  2 wyvern skeletons (D:7)
  5 wights
  27 killer bees
  4 electric eels (D:8)
  2 howler monkeys
  3 crimson imps
  5 bullfrog zombies
  7 hounds
  2 jellies (D:5)
  15 orc wizards
  3 bullfrog skeletons
  8 iguanas
  An iron imp (D:9)
  6 orc priests
  3 centaur skeletons
  Natasha (thrice) (D:2 D:1)
  9 worker ants
  A hound zombie (D:7)
  3 hound skeletons
  16 gnolls
  A howler monkey skeleton (D:10)
  12 adders
  10 shadow imps
  A white imp (D:9)
  3 oozes
  2 adder zombies
  2 adder skeletons
  5 leopard geckos
  33 orcs
  5 bats
  7 giant cockroaches
  3 goblins
  9 hobgoblins
  12 jackals
  5 kobolds
  3 quokkas
  2 frilled lizards (D:2)
  A leopard gecko skeleton (D:8)
  12 rats
310 creatures vanquished.

Vanquished Creatures (collateral kills)
  2 killer bees (D:11)
2 creatures vanquished.

Vanquished Creatures (others)
  An acid dragon (D:11)
  3 killer bees (D:11)
  2 orcs (D:9)
  2 kobolds (D:9)
  2 plants (D:8)
  4 withered plants
14 creatures vanquished.

Grand Total: 326 creatures vanquished

Notes
Turn   | Place    | Note
-------+----------+-------------------------------------------
     0 | D:1      | EvilAliv3 the Demigod Fighter began the quest for the Orb.
     0 | D:1      | Reached XP level 1. HP: 18/18 MP: 3/3
    34 | D:1      | Reached skill level 2 in Maces & Flails
   101 | D:1      | Reached XP level 2. HP: 25/25 MP: 4/4
   492 | D:2      | Noticed Natasha
   808 | D:2      | Reached XP level 3. HP: 23/31 MP: 5/5
  1147 | D:2      | Reached XP level 4. HP: 21/38 MP: 6/6
  1336 | D:2      | Reached skill level 3 in Maces & Flails
  1358 | D:2      | Found a stormy altar of Qazlal.
  1372 | D:2      | Found an iron altar of Okawaru.
  1440 | D:2      | Found a sacrificial altar of Ru.
  1933 | D:2      | Killed Natasha
  1933 | D:2      | Reached XP level 5. HP: 32/45 MP: 7/7
  2146 | D:2      | Noticed Natasha
  2170 | D:1      | Killed Natasha
  2462 | D:3      | Noticed Grinder
  2462 | D:3      | Paralysed by Grinder for 4 turns
  2558 | D:1      | Noticed Natasha
  2575 | D:1      | Killed Natasha
  3504 | D:3      | Paralysed by Grinder for 6 turns
  3518 | D:3      | Paralysed by Grinder for 4 turns
  3902 | D:3      | Reached skill level 4 in Maces & Flails
  4010 | D:3      | Reached XP level 6. HP: 52/52 MP: 8/8
  4131 | D:3      | Paralysed by Grinder for 5 turns
  4160 | D:3      | Paralysed by Grinder for 6 turns
  4169 | D:3      | Paralysed by Grinder for 3 turns
  4181 | D:3      | Killed Grinder
  4618 | D:4      | Found a shimmering altar of Xom.
  4731 | D:4      | Reached XP level 7. HP: 57/59 MP: 9/9
  5117 | D:4      | Reached skill level 5 in Maces & Flails
  5407 | D:4      | Found a staircase to the Ecumenical Temple.
  5515 | D:5      | Entered Level 5 of the Dungeon
  6454 | D:5      | Reached skill level 6 in Maces & Flails
  6454 | D:5      | Reached XP level 8. HP: 48/67 MP: 10/10
  7133 | D:5      | Reached skill level 5 in Armour
  7133 | D:5      | Reached skill level 5 in Shields
  7195 | D:5      | Reached skill level 5 in Fighting
  7467 | D:6      | Noticed a hornet
  7926 | D:6      | Reached skill level 7 in Maces & Flails
  7990 | D:6      | Found an ornate altar of the Wu Jian Council.
  8085 | D:6      | Paralysed by a hornet for 1 turns
  8095 | D:6      | Paralysed by a hornet for 3 turns
  8097 | D:6      | HP: 2/68 [hornet (12)]
  8390 | D:7      | Noticed a hellwing
  8511 | D:6      | Found a runed door.
  8512 | D:6      | Found a shimmering altar of Xom.
  8512 | D:6      | Noticed a mace of chaos
  8512 | D:6      | Noticed KnowOne's ghost (amateur MiGl)
  8549 | D:6      | Paralysed by a hornet for 2 turns
  8584 | D:6      | Killed a hornet
  8969 | D:6      | Reached XP level 9. HP: 75/75 MP: 11/11
  9028 | D:7      | Found a basalt altar of Yredelemnul.
  9123 | D:6      | Reached skill level 8 in Maces & Flails
  9322 | D:7      | Found a sparkling altar of Nemelex Xobeh.
  9322 | D:7      | Noticed a hellwing
 10206 | D:7      | Found a white marble altar of Elyvilon.
 10390 | D:8      | Found a hide-covered altar of Uskayaw.
 10390 | D:8      | Noticed Prince Ribbit
 10392 | D:8      | Noticed Harold
 10557 | D:8      | Reached skill level 9 in Maces & Flails
 10900 | D:8      | Killed Harold
 10900 | D:8      | Reached XP level 10. HP: 38/86 MP: 13/13
 11539 | D:8      | Killed Prince Ribbit
 11565 | D:8      | Noticed a two-headed ogre
 11887 | D:8      | Found an ancient bone altar of Kikubaaqudgha.
 11953 | D:8      | Noticed Joseph
 11984 | D:8      | Killed Joseph
 12312 | D:8      | Reached skill level 10 in Maces & Flails
 12463 | D:8      | Killed a two-headed ogre
 13493 | D:8      | Got a twisted robe
 13911 | D:9      | Found a staircase to the Lair.
 13925 | D:9      | Found a burning altar of Makhleb.
 13932 | D:9      | Noticed a deep elf mage
 14363 | D:9      | Killed a deep elf mage
 14448 | D:9      | Noticed a deep elf mage
 14460 | D:9      | Killed a deep elf mage
 14460 | D:9      | Reached XP level 11. HP: 94/94 MP: 14/14
 14540 | D:9      | Found Ettapran's Distillery.
 14548 | D:9      | Bought a potion of lignification for 42 gold pieces
 14548 | D:9      | Bought a potion of heal wounds for 70 gold pieces
 14548 | D:9      | Bought a potion of curing for 42 gold pieces
 14548 | D:9      | Bought a potion of heal wounds for 70 gold pieces
 14719 | D:9      | Reached skill level 11 in Maces & Flails
 14909 | D:9      | Learned a level 2 spell: Blink
 15138 | D:10     | Entered Level 10 of the Dungeon
 15388 | D:10     | Found Okhlajupt's Distillery.
 16250 | D:10     | Found a runed gate.
 16251 | D:10     | Found a runed gate.
 16257 | D:10     | Got a pitted pewter ring
 16267 | D:10     | Found a runed gate.
 16268 | D:10     | Noticed myxocpahck's ghost (novice DsAs)
 16268 | D:10     | Noticed DemiseSR's ghost (novice MiFi)
 16489 | D:11     | Found Gotwuama's Distillery.
 16497 | D:11     | Bought a potion of heal wounds for 85 gold pieces
 16589 | D:11     | Killed an unseen horror
 16753 | D:11     | Noticed a two-headed ogre
 16762 | D:11     | Killed a two-headed ogre
 17180 | D:11     | Reached skill level 12 in Maces & Flails
 17680 | D:11     | Noticed Snorg
 17710 | D:11     | Slain by Snorg

Vault maps used:
D:1:      matt_arrival_los_fun
D:2:      chequers_temple_overflow_statue_of_worship,
          nicolae_ru_great_annihilating_truth, first_ration, serial_forest,
          infiniplex_forest_clump_cross, infiniplex_forest_straight_3,
          infiniplex_forest_lined_room_, infiniplex_forest_clump_tiny,
          infiniplex_forest_lined_2, infiniplex_forest_lined_room_3,
          infiniplex_forest_zigzag_2, infiniplex_forest_lined_3,
          infiniplex_forest_clump_tiny, uniq_natasha
D:3:      uniq_grinder
D:4:      marbit_many_paths, minmay_temple_entry_enclosed_plants,
          hangedman_abyss_or_decor_slice
D:6:      overflow_temple_1_default, ebering_ghost_xom, due_unseen_surprise
D:7:      cheibrodos_grave_circle, kennysheep_ying_yang, kennysheep_mini_moat,
          grunt_ogre_cave
D:8:      kiku_gazebo_garden_becter, eat_drink_and_be_merry_uskayaw,
          st_stairs_7, serial_bayou_lake_a, uniq_harold, uniq_joseph,
          uniq_prince_ribbit1
D:9:      minmay_distorted_concentric_squares, lemuel_doored_altar,
          david_lair_generic, serial_shops, shop, hangedman_minor_magic
D:10:     gammafunk_ghost_cemetery, serial_shops, nicolae_shop_waterfront,
          minmay_checkerbox
D:11:     serial_shops, nicolae_shop_trees, feat_on_display, uniq_snorg

Skill      XL: |  1  2  3  4  5  6  7  8  9 10 11 |
---------------+----------------------------------+-----
Maces & Flails | 2 3 4 6 7 9 10 12 | 12.0
Fighting       | 3 4 5 7 8 9 |  9.0
Armour         | 3 4 5 7 8 9 |  9.0
Shields        | 3 4 5 |  5.7

Action                   |  1- 3 |  4- 6 |  7- 9 | 10-12 || total
-------------------------+-------+-------+-------+-------++-------
Melee: Flail             |   138 |   235 |   610 |   751 ||  1734
 Fire: Hunting sling     |       |       |    28 |       ||    28
       Blowgun           |       |       |       |    53 ||    53
Throw: Throwing net      |       |     2 |     2 |    14 ||    18
       Tomahawk          |       |       |       |     2 ||     2
Evoke: Wand              |       |       |       |    10 ||    10
  Use: Scroll            |       |     8 |     7 |       ||    15
       Potion            |       |       |     7 |     3 ||    10
 Stab: Paralysed         |       |     1 |       |       ||     1
       Held in net/web   |       |     1 |     1 |     3 ||     5
  Eat: Chunk             |     6 |    16 |    21 |    22 ||    65
Armor: Scale mail        |     8 |       |       |       ||     8
       Plate armour      |    82 |   117 |   214 |   379 ||   792
       Chain mail        |       |       |   126 |       ||   126
       Skin              |       |       |       |     5 ||     5
Dodge: Dodged            |    19 |    29 |   152 |   190 ||   390
Block: Shield            |    94 |   114 |   192 |       ||   400
       Buckler           |       |       |    84 |   238 ||   322

Table legend:
 A = Non-vault XP
 B = Vault XP
 C = Vault XP percentage of total XP
 D = Non-vault monster count
 E = Vault monster count
 F = Vault count percentage of total count
 G = Total turns spent on level
                 A         B        C        D         E       F
            +---------+---------+-------+---------+---------+-------
      Total |   11610 |    9028 |  43.7 |     239 |      73 |  23.4
            +---------+---------+-------+---------+---------+-------
        D:1 |     111 |       0 |   0.0 |      17 |       0 |   0.0
        D:2 |     125 |      81 |  39.3 |      27 |       5 |  15.6
        D:3 |     244 |     295 |  54.7 |      22 |       1 |   4.3
        D:4 |     347 |       0 |   0.0 |      10 |       0 |   0.0
        D:5 |     854 |       0 |   0.0 |      30 |       0 |   0.0
        D:6 |    1404 |      11 |   0.8 |      23 |       1 |   4.2
        D:7 |     259 |    2271 |  89.8 |      13 |      12 |  48.0
        D:8 |    2118 |    1963 |  48.1 |      27 |       8 |  22.9
        D:9 |    1327 |    2106 |  61.3 |      29 |      19 |  39.6
       D:10 |    1812 |     668 |  26.9 |      28 |       5 |  15.2
       D:11 |    3009 |    1633 |  35.2 |      13 |      22 |  62.9
            +---------+---------+-------+---------+---------+-------
